 Dungeon Crawl Stone Soup version 0.30-a0-1157-g2cc9ac7196 (webtiles) character file.

Game seed: 9034967477367467688

37415 qeuew the Fighter (level 13, -2/105 HPs)
             Began as a Demonspawn Chaos Knight on Apr 24, 2023.
             Was a Plaything of Xom.
             Slain by an entropy weaver (9 damage)
             ... on level 3 of the Lair of Beasts.
             The game lasted 00:24:40 (15028 turns).

qeuew the Fighter (Demonspawn Chaos Knight)        Turns: 15028, Time: 00:24:40

Health: -2/105     AC:  2    Str: 26    XL:     13   Next: 58%
Magic:  0/20       EV: 17    Int: 11    God:    Xom [...*..]
Gold:   837        SH:  0    Dex: 17    Spells: 22/22 levels left

rFire   . . .        o - +3 demon whip (vamp)
rCold   . . .        (no shield)
rNeg    . . .        b - +2 leather armour
rPois   +            (helmet restricted)
rElec   .            m - +1 cloak {rPois}
rCorr   .            (gloves unavailable)
SInv    .            z - +0 pair of boots
Will    .....        A - amulet of magic regeneration
Stlth   +            k - +6 ring of strength
HPRegen 0.37/turn    n - +4 ring of slaying
MPRegen 0.74/turn

%: guardian spirit
@: about to teleport, corroded
A: claws 3, hooves 1, horns 1, demonic guardian 1, magic shield, magic
regeneration, agile 1, strong 1, wild magic 2, evolution 1, inability to read
after injury 1, MP-powered wands
a: Renounce Religion


You were on level 3 of the Lair of Beasts.
You worshipped Xom.
You were a favourite toy of Xom.
You visited 2 branches of the dungeon, and saw 15 of its levels.
You also visited: Sewer.

You collected 934 gold pieces.
You spent 97 gold pieces at shops.

Inventory:

Hand Weapons
 g - a +1 vampiric whip
 o - a +3 vampiric demon whip (weapon)
Armour
 b - a +2 leather armour (worn)
 m - a +1 cloak of poison resistance (worn)
 z - a +0 pair of boots (worn)
Jewellery
 k - a +6 ring of strength (left claw)
 n - a +4 ring of slaying (right claw)
 x - a ring of the Octopus King {Fly HP+2 AC+2 EV+2 SH+2}
   (Xom gifted it to you on level 3 of the Lair of Beasts)

   [ring of flight]

   AC:        It affects your AC (+2).
   EV:        It affects your evasion (+2).
   HP:        It affects your health (+2).
   Fly:       It grants you flight.
   SH:        It affects your SH (+2).
 A - an amulet of magic regeneration (around neck)
 B - a ring of wizardry
Wands
 e - a wand of flame (42)
 p - a wand of iceblast (2)
 r - a wand of charming (4)
 y - a wand of mindburst (3) (quivered)
Scrolls
 a - 4 scrolls of magic mapping
 i - 4 scrolls of fog
 q - 5 scrolls of enchant armour
 s - 4 scrolls of amnesia
 v - 5 scrolls of teleportation
 w - 8 scrolls of identify
 D - a scroll of silence
 G - 2 scrolls of poison
Potions
 d - 7 potions of brilliance
 f - a potion of flight
 h - a potion of berserk rage
 j - 3 potions of might
 l - 5 potions of curing
 t - a potion of mutation
 u - a potion of cancellation
 F - a potion of resistance
Miscellaneous
 c - a piece from Xom's chessboard (15/15)


   Skills:
 * Level 10.9 Fighting
 * Level 10.0 Maces & Flails
 * Level 9.7 Armour
 * Level 9.7 Dodging
 + Level 5.2 Spellcasting
 * Level 10.4 Evocations


You had 22 spell levels left.
You didn't know any spells.
Your spell library contained the following spells:

 Spells                   Type           Power      Damage    Failure   Level
 Blink                    Tloc           8%         N/A       52%         2
 Lesser Beckoning         Tloc           8%         N/A       52%         2
 Momentum Strike          Conj/Tloc      8%         3d8       52%         2
 Static Discharge         Conj/Air       8%         2-3/arc   52%         2
 Sublimation of Blood     Necr           4%         N/A       52%         2
 Wereblood                Tmut           4%         N/A       52%         2
 Airstrike                Air            2%         2d(1-17)  98%         4
 Summon Lightning Spire   Summ/Air       4%         N/A       98%         4
 Summon Hydra             Summ           2%         N/A       100%        7


Dungeon Overview and Level Annotations

Branches:
Dungeon (11/15)            Temple (0/1) D:7            Lair (4/5) D:11
  Swamp (0/4) Lair:3        Snake (0/4) Lair:3          Orc (0/2) D:10
  Sewer (visited)
  Slime: Lair:4-5

Altars:
Ashenzari
Fedhas
Gozag
Sif Muna

Shops:
D:2 :   D:10 *


Innate Abilities, Weirdness & Mutations

You have claws for hands.
You have large cloven feet.
You have a pair of small horns on your head.
A weak demonic guardian rushes to your aid.
When hurt, damage is shared between your health and your magic reserves.
You regenerate magic rapidly.
You are agile. (Dex +4, Str/Int -1)
Your muscles are strong. (Str +4, Int/Dex -1)
Your spells are harder to cast, but more powerful.
You have hidden genetic potential.
You occasionally lose the ability to read scrolls when taking damage.
You expend magic power (3 MP) to strengthen your wands.


Message History

The death yak gores you.
You climb upwards.
There is a stone staircase leading down, spattered with blood here.
Unknown command.
You hit the entropy weaver.
You feel better.
You headbutt the entropy weaver, but do no damage.
The entropy weaver is lightly wounded.
The entropy weaver closely misses you. The entropy weaver misses you.
The entropy weaver closely misses you.
The entropy weaver completely misses you.
You whack the entropy weaver!
The entropy weaver is moderately wounded.
The death yak completely misses you. The death yak gores you!
The death yak gores you.
You hit the entropy weaver but do no damage.
The entropy weaver is moderately wounded.
The entropy weaver barely misses you.
The entropy weaver completely misses you.
The entropy weaver closely misses you.
The entropy weaver completely misses you.
You barely miss the entropy weaver.
The entropy weaver is moderately wounded.
The death yak gores you!! The death yak misses you. The death yak gores you!!
The entropy weaver misses you.
The entropy weaver hits you but does no damage.
The entropy weaver hits you. The entropy weaver misses you.
You hit the entropy weaver but do no damage.
Your headbutt misses the entropy weaver.
The entropy weaver is moderately wounded.
The death yak misses you. The death yak gores you!!
* * * LOW HITPOINT WARNING * * *
The death yak gores you!
* * * LOW HITPOINT WARNING * * *
As you read the scroll of teleportation, it crumbles to dust.
You feel strangely unstable. The entropy weaver barely misses you.
The entropy weaver hits you.
* * * LOW HITPOINT WARNING * * *
The entropy weaver closely misses you. The entropy weaver hits you!
You die...
Xom cackles wildly!

..............................##≈
...#.####..................^##.#~
..###..##...##..##..##.......####
.##.........#........##.#..#..###
.##......#....................#.#
.#.........................###..#
...>........#........#..#...##..#
.###..#.....#..YY....#.##..###...
.#.......#......@Y....###...#####
...~~≈~.P........B......#..###...
.~~≈≈≈≈≈....#........#...........
~≈≈≈≈≈≈≈~...##..##..##...........
.~≈≈≈≈≈≈~~...........(...........
.~÷÷~≈≈≈≈~............?..........
..~..~~≈~~..................~~~..
..~.<..~~........^.........♣~~♣♣.
.........~....##.###.......~~>~~)


You could see 3 death yaks and an entropy weaver.

Vanquished Creatures
  2 hydras
  Fannar (Lair:1)
  3 two-headed ogres
  A boulder beetle (Lair:3)
  7 death yaks (Lair:3)
  Urug (Lair:1)
  Amaemon (Lair:2)
  A fire crab (Lair:3)
  2 bog bodies (Lair:3)
  Pikel (D:8)
  A necromancer (D:9)
  A cyclops (D:11)
  2 manticores (Lair:3)
  5 elephants
  An orange demon (Lair:2)
  3 black mambas
  4 cane toads
  A torpor snail (Lair:3)
  A rime drake (Lair:3)
  7 komodo dragons
  2 kobold demonologists (D:7)
  2 polar bears (Lair:3)
  3 trolls
  A hornet (Lair:3)
  A tarantella (shapeshifter) (D:11)
  14 blink frogs
  A spriggan (Lair:3)
  5 basilisks
  25 yaks
  A steam dragon (D:9)
  4 vampire mosquitoes (D:11)
  An acid dragon (D:10)
  11 water moccasins
  3 orc warriors
  An ice beast (D:7)
  3 black bears
  2 ogres
  15 wolves
  A centaur (D:10)
  A tengu (D:6)
  A lemure (D:8)
  16 bullfrogs
  3 kobold brigands
  A gnoll sergeant (D:11)
  A scorpion (D:7)
  8 killer bees (D:7)
  4 electric eels
  A howler monkey (D:7)
  A gnoll bouda (D:5)
  5 orc priests
  3 hounds
  2 jellies (D:7)
  A hell rat (Lair:3)
  3 iguanas
  4 orc wizards
  Robin (D:4)
  9 gnolls
  9 adders
  2 worms
  2 dart slugs (D:2)
  45 orcs
  4 ball pythons
  2 bats
  4 endoplasms
  A giant cockroach (D:2)
  11 goblins
  8 hobgoblins
  3 quokkas
  7 frilled lizards
  13 kobolds
  A rat (D:3)
  A butterfly (D:1)
320 creatures vanquished.

Vanquished Creatures (collateral kills)
  A hydra (Lair:3)
  An alligator (Lair:3)
  A komodo dragon (Lair:1)
  A rime drake (Lair:3)
  A blink frog (Lair:1)
  A shadow (D:10)
  A yak (Lair:3)
  An orc warrior (D:7)
  An ogre (D:4)
  4 wolves
  Blork the orc (D:4)
  A killer bee (D:7)
  A hound (D:5)
  A sleepcap (D:5)
  An adder (D:2)
  A kobold (D:5)
19 creatures vanquished.

Vanquished Creatures (others)
  A steam dragon (Lair:3)
  28 fungi
  44 plants
73 creatures vanquished.

Grand Total: 412 creatures vanquished

Notes
Turn   | Place    | Note
-------+----------+-------------------------------------------
     0 | D:1      | qeuew the Demonspawn Chaos Knight began the quest for the
                  | Orb.
     0 | D:1      | Reached XP level 1. HP: 18/18 MP: 1/1
     0 | D:1      | XOM: silly message
     5 | D:1      | XOM: silly message
   161 | D:1      | Reached skill level 1 in Dodging
   234 | D:1      | Gained mutation: A weak demonic guardian rushes to your
                  | aid. [demonic ancestry]
   234 | D:1      | Reached XP level 2. HP: 24/24 MP: 2/2
   495 | D:2      | XOM: stat loss: -1 Str (11/12)
   536 | D:2      | Found Ziqurh Coith's Vocational Training.
   636 | D:2      | XOM: 9-stop teleportation journey
   747 | D:2      | Reached skill level 1 in Evocations
   747 | D:2      | Reached XP level 3. HP: 29/29 MP: 3/3
  1061 | D:2      | XOM: summons 1 hostile demon
  1325 | D:2      | XOM: stat loss: -1 Dex (11/12)
  1505 | D:3      | XOM: give mutations
  1505 | D:3      | Gained mutation: Your mind is acute. (Int +4, Str/Dex -1)
                  | [Xom's grace]
  1505 | D:3      | Gained mutation: You have sharp toenails. [Xom's grace]
  1709 | D:3      | You fall into a shaft and drop 2 floors!
  1709 | D:5      | Entered Level 5 of the Dungeon
  1745 | D:5      | Noticed an ogre
  1747 | D:5      | XOM: potion effect (invisibility)
  1754 | D:4      | Noticed Blork the orc
  1765 | D:4      | Killed Blork the orc
  1766 | D:4      | Discovered your monstrous ancestry.
  1766 | D:4      | Gained mutation: You have sharp fingernails. [demonic
                  | ancestry]
  1766 | D:4      | Reached XP level 4. HP: 31/36 MP: 4/4
  1836 | D:4      | Gained mutation: You have very sharp fingernails. [demonic
                  | ancestry]
  1836 | D:4      | Reached XP level 5. HP: 42/42 MP: 5/5
  2083 | D:4      | Noticed an ogre
  2093 | D:4      | Killed an ogre
  2094 | D:4      | Gained mutation: You regenerate magic rapidly. [demonic
                  | ancestry]
  2094 | D:4      | Reached XP level 6. HP: 33/48 MP: 6/6
  2122 | D:4      | Found a glowing drain.
  2133 | Sewer    | Entered a sewer
  2548 | D:3      | Lost mutation: Your mind is acute. (Int +4, Str/Dex -1)
                  | [potion of mutation]
  2548 | D:3      | Lost mutation: You have sharp toenails. [potion of
                  | mutation]
  2548 | D:3      | Gained mutation: You have supernaturally acute eyesight.
                  | (SInv) [potion of mutation]
  2548 | D:3      | Gained mutation: You are covered in fur. (AC +1) [potion of
                  | mutation]
  2548 | D:3      | Gained mutation: You are frail. (-10% HP) [potion of
                  | mutation]
  2747 | D:4      | Noticed Robin
  2753 | D:4      | Killed Robin
  2754 | D:4      | XOM: give mutations
  2754 | D:4      | Lost mutation: You are covered in fur. (AC +1) [Xom's
                  | mischief]
  2754 | D:4      | Lost mutation: You have supernaturally acute eyesight.
                  | (SInv) [Xom's mischief]
  3604 | D:5      | Gained mutation: You have large cloven feet. [demonic
                  | ancestry]
  3604 | D:5      | Reached XP level 7. HP: 48/49 MP: 7/7
  3722 | D:6      | XOM: noise
  3724 | D:6      | XOM: polymorph scorpion -> wolf
  3729 | D:5      | XOM: confusion (+ monsters)
  3748 | D:6      | XOM: divination: detect items
  3930 | D:5      | Reached skill level 5 in Fighting
  4054 | D:6      | XOM: polymorph orc warrior -> tengu
  4059 | D:6      | Gained mutation: When hurt, damage is shared between your
                  | health and your magic reserves. [demonic ancestry]
  4059 | D:6      | Reached XP level 8. HP: 48/55 MP: 8/8
  4100 | D:6      | XOM: give mutations
  4100 | D:6      | Gained mutation: Your muscles are strong. (Str +4, Int/Dex
                  | -1) [Xom's grace]
  4100 | D:6      | Gained mutation: You have hidden genetic potential. [Xom's
                  | grace]
  4100 | D:6      | Gained mutation: Your spells are a little harder to cast,
                  | but a little more powerful. [Xom's grace]
  4660 | D:7      | Noticed a kobold demonologist
  4662 | D:7      | XOM: cast spell 'Leda's Liquefaction'
  4662 | D:7      | Noticed a kobold demonologist
  4667 | D:7      | Killed a kobold demonologist
  4668 | D:7      | Reached skill level 5 in Maces & Flails
  4673 | D:7      | Noticed a hellwing
  4674 | D:7      | XOM: summons 3 friendly demons
  4675 | D:7      | Killed a kobold demonologist
  4697 | D:7      | Reached skill level 5 in Evocations
  4794 | D:7      | XOM: summons friendly iron imp
  4796 | D:7      | Reached skill level 5 in Armour
  4805 | D:7      | Reached XP level 9. HP: 24/62 MP: 4/9
  4811 | D:7      | Gained mutation: Your flesh is cold resistant. (rC+)
                  | [hidden potential]
  4823 | D:7      | XOM: noise
  4839 | D:7      | XOM: polymorph iron imp -> crimson imp
  4875 | D:7      | Reached skill level 5 in Dodging
  4921 | D:7      | XOM: god gift: +0 barding of flying
  4957 | D:7      | Found a staircase to the Ecumenical Temple.
  5110 | D:7      | XOM: cleaving
  5126 | D:7      | XOM: cloud trail
  5162 | D:7      | Found an opulent altar of Gozag.
  5243 | D:7      | XOM: god gift: pair of boots {god gift}
  5352 | D:8      | Noticed Pikel
  5363 | D:8      | XOM: scenery: summon butterflies
  5369 | D:8      | XOM: confuse monster(s)
  5370 | D:8      | Killed Pikel
  5622 | D:8      | Found a broken altar of Ashenzari.
  5748 | D:8      | XOM: summons 2 friendly demons
  5752 | D:8      | XOM: fog
  6350 | D:9      | XOM: 2-stop teleportation journey
  6373 | D:9      | Noticed a necromancer
  6380 | D:9      | XOM: butterfly on damage
  6385 | D:9      | Killed a necromancer
  6386 | D:9      | Reached XP level 10. HP: 31/71 MP: 4/11
  6404 | D:9      | Gained mutation: Your spells are harder to cast, but more
                  | powerful. [hidden potential]
  6404 | D:9      | Lost mutation: You have hidden genetic potential. [hidden
                  | potential expressed]
  6477 | D:9      | Found a blossoming altar of Fedhas.
  6477 | D:9      | XOM: 8-stop teleportation journey
  6830 | D:9      | Noticed a two-headed ogre
  6835 | D:9      | XOM: summons friendly ufetubus
  6835 | D:9      | XOM: butterfly on damage
  6839 | D:9      | XOM: summons friendly crimson imp
  6847 | D:9      | Killed a two-headed ogre
  6848 | D:9      | Reached skill level 1 in Spellcasting
  6924 | D:9      | XOM: cloud trail
  6949 | D:9      | XOM: polymorph crimson imp -> lemure
  7235 | D:10     | Entered Level 10 of the Dungeon
  7238 | D:10     | Found a shimmering blue altar of Sif Muna.
  7321 | D:10     | XOM: confusion (+ monsters)
  7433 | D:10     | Identified the +0 robe of Pum Kext {rPois Int+4}
  7739 | D:10     | Noticed Grum
  7757 | D:9      | XOM: god gift: +0 hat
  7765 | D:9      | XOM: confuse monster(s)
  7793 | D:10     | Grum changed into Grum the worm
  7793 | D:10     | Noticed Grum
  7793 | D:10     | XOM: polymorph Grum -> Grum the worm
  7795 | D:10     | Killed Grum the worm
  7841 | D:10     | Found a staircase to the Orcish Mines.
  7848 | D:10     | Found Tacoem's General Store.
  7856 | D:10     | Bought a scroll of blinking for 97 gold pieces
  7919 | D:10     | XOM: divination: detect creatures
  7942 | D:10     | XOM: enchant monster (good)
  8230 | D:11     | Noticed a two-headed ogre
  8233 | D:11     | XOM: butterfly on damage
  8237 | D:11     | XOM: enchant monster (good)
  8245 | D:11     | XOM: divination: magic mapping
  8249 | D:11     | XOM: confuse monster(s)
  8251 | D:11     | Killed a two-headed ogre
  8411 | D:11     | XOM: god gift: bardiche {god gift}
  8416 | D:11     | Noticed a cyclops
  8421 | D:11     | Killed a cyclops
  8502 | D:11     | XOM: polymorph bullfrog -> shapeshifter
  8511 | D:11     | Noticed a two-headed ogre
  8519 | D:11     | Reached XP level 11. HP: 29/77 MP: 8/14
  8881 | D:11     | Killed a two-headed ogre
  9145 | D:11     | XOM: blink monster(s)
  9274 | D:11     | XOM is BORED!
  9314 | D:11     | XOM: god gift: 40 gold pieces
  9359 | D:11     | Found a staircase to the Lair.
  9555 | Lair:1   | Entered Level 1 of the Lair of Beasts
  9625 | Lair:1   | XOM: confuse monster(s)
  9793 | Lair:1   | Noticed Fannar
  9795 | Lair:1   | XOM: divination: magic mapping
  9804 | Lair:1   | XOM: chaos cloud
  9806 | Lair:1   | XOM: confuse monster(s)
  9809 | Lair:1   | Killed Fannar
  9842 | Lair:1   | XOM: blink monster(s)
  9843 | Lair:1   | XOM: swap monsters
  9925 | Lair:1   | XOM: summons 11 friendly demons
  9947 | Lair:1   | XOM: noise
  9967 | Lair:1   | XOM: swap monsters
  9968 | Lair:1   | XOM: summons 4 hostile shadow creatures
  9979 | Lair:1   | a blink frog changed into a harpy
  9979 | Lair:1   | Noticed a harpy
  9979 | Lair:1   | XOM: polymorph blink frog -> harpy
 10187 | Lair:1   | XOM: confusion
 10212 | Lair:1   | XOM: 1-stop teleportation journey
 10313 | Lair:1   | XOM: cast spell 'Necromutation'
 10382 | Lair:1   | XOM: confusion
 10398 | Lair:1   | a blink frog changed into an entropy weaver
 10398 | Lair:1   | Noticed an entropy weaver
 10398 | Lair:1   | XOM: polymorph blink frog -> entropy weaver
 10408 | Lair:1   | XOM: swap monsters
 10411 | Lair:1   | XOM: swap monsters
 10414 | Lair:1   | an entropy weaver changed into a troll
 10414 | Lair:1   | XOM: polymorph entropy weaver -> troll
 10462 | Lair:1   | Gained mutation: You have a pair of small horns on your
                  | head. [demonic ancestry]
 10462 | Lair:1   | Reached XP level 12. HP: 22/85 MP: 10/17
 10687 | Lair:1   | Noticed Urug
 10694 | Lair:1   | XOM: potion effect (might)
 10701 | Lair:1   | XOM: confusion
 10709 | Lair:1   | Killed Urug
 11067 | Lair:1   | XOM: give mutations
 11067 | Lair:1   | Lost mutation: You are frail. (-10% HP) [Xom's mischief]
 11067 | Lair:1   | Gained mutation: You occasionally lose the ability to read
                  | scrolls when taking damage. [Xom's mischief]
 11067 | Lair:1   | Gained mutation: You have hidden genetic potential. [Xom's
                  | mischief]
 11247 | Lair:2   | Noticed a five-headed hydra
 11265 | Lair:2   | XOM: confusion
 11419 | Lair:2   | You fall into a shaft and drop 1 floor!
 11419 | Lair:3   | Noticed a death yak
 11421 | Lair:3   | Noticed a death yak
 11425 | Lair:3   | Noticed a boulder beetle
 11430 | Lair:3   | XOM: 1-stop teleportation journey
 11466 | Lair:3   | XOM: scenery: summon butterflies
 11521 | Lair:3   | XOM: god gift: stone
 11642 | Lair:3   | Killed a boulder beetle
 11656 | Lair:3   | XOM: god gift: ring of the Octopus King {god gift}
 11656 | Lair:3   | Found the ring of the Octopus King {Fly HP+2 AC+2 EV+2
                  | SH+2}
 11657 | Lair:3   | Found the ring of the Octopus King {Fly HP+2 AC+2 EV+2
                  | SH+2}
 11783 | Lair:3   | Found a staircase to the Swamp.
 11789 | Lair:3   | XOM: potion effect (might)
 11938 | Lair:3   | XOM: enchant monster (good)
 11946 | Lair:3   | Noticed a seven-headed hydra
 11951 | Lair:3   | Killed a seven-headed hydra
 11965 | Lair:3   | XOM: god gift: scroll of enchant weapon
 12090 | Lair:3   | XOM: enchant monster (good)
 12096 | Lair:3   | XOM: enchant monster (good)
 12097 | Lair:3   | XOM: smoke on damage
 12101 | Lair:3   | XOM: cast spell 'Summon Small Mammal'
 12102 | Lair:3   | HP: 1/97 [death yak[a torpor snail] (18)]
 12108 | Lair:3   | Killed a death yak
 12122 | Lair:3   | Killed a death yak
 12123 | Lair:3   | XOM: confuse monster(s)
 12134 | Lair:3   | Reached skill level 10 in Fighting
 12168 | Lair:3   | XOM: enchant monster (good)
 12169 | Lair:3   | XOM: enchant monster (good)
 12183 | Lair:3   | XOM: stat loss: -1 Dex (12/13)
 12319 | Lair:3   | XOM: divination: detect items
 12358 | Lair:3   | XOM: give mutations
 12358 | Lair:3   | Gained mutation: You are agile. (Dex +4, Str/Int -1) [Xom's
                  | grace]
 12358 | Lair:3   | Gained mutation: You expend magic power (3 MP) to
                  | strengthen your wands. [Xom's grace]
 12369 | Lair:3   | XOM: summons 3 friendly demons
 12514 | Lair:2   | XOM: 2-stop teleportation journey
 12539 | Lair:2   | XOM: scenery: summon butterflies
 12682 | Lair:2   | XOM: god gift: potion of curing
 12805 | Lair:2   | XOM: divination: detect items
 12805 | Lair:2   | Noticed Amaemon
 12808 | Lair:2   | XOM: divination: detect items
 12836 | Lair:2   | Killed a five-headed hydra
 13036 | Lair:2   | XOM: destruction
 13059 | Lair:2   | Killed Amaemon
 13060 | Lair:2   | Gained mutation: You have claws for hands. [demonic
                  | ancestry]
 13060 | Lair:2   | Reached XP level 13. HP: 100/104 MP: 19/19
 13338 | Lair:3   | XOM: confusion
 13415 | Lair:3   | XOM: divination: magic mapping
 13435 | Lair:3   | XOM: cleaving
 13701 | Lair:3   | XOM: noise
 13782 | Lair:3   | XOM: polymorph yak -> spriggan
 13796 | Lair:3   | Reached skill level 10 in Evocations
 13796 | Lair:3   | XOM: divination: detect creatures
 13825 | Lair:3   | XOM: cloud trail
 13878 | Lair:3   | XOM: scenery: 1 doors open
 13906 | Lair:3   | Found a staircase to the Snake Pit.
 13973 | Lair:3   | XOM: destruction
 13976 | Lair:3   | XOM: fog
 14237 | Lair:3   | XOM: divination: detect creatures
 14344 | Lair:3   | XOM: cast spell 'Summon Cactus Giant'
 14348 | Lair:3   | Reached skill level 5 in Spellcasting
 14881 | Lair:3   | Reached skill level 10 in Maces & Flails
 14881 | Lair:3   | XOM: divination: detect creatures
 14932 | Lair:4   | XOM: give mutations
 14932 | Lair:4   | Lost mutation: Your flesh is cold resistant. (rC+) [Xom's
                  | mischief]
 15011 | Lair:4   | XOM: polymorph black mamba -> entropy weaver
 15028 | Lair:3   | Slain by an entropy weaver

Illustrated notes

Levels and vault maps discovered:
D:1:      spicycebolla_arrival_clurvy, layout_basic, minmay_domino_2
D:2:      layout_basic, nicolae_shop_vocational
D:3:      layout_basic
D:4:      layout_loops_corners, portal_sewer_entry_d, patterned_corridor,
          uniq_blork_the_orc, uniq_robin
D:5:      layout_cave_pools
D:6:      layout_cave_pools
D:7:      layout_basic, mainiacjoe_overflow_small_starburst,
          minmay_temple_entry_drinking_statues
D:8:      layout_loops_ring, nicolae_ashenzari_skybound,
          minmay_misc_feat_square, uniq_pikel
D:9:      layout_grid_maze, fedhas_altar_3, chequers_serial_rivers_marsh,
          minmay_librarian
D:10:     layout_irregular_city, mainiacjoe_overflow_paths, david_orc_3,
          serial_shops, nicolae_shop_statue_plus, kennysheep_small_circle,
          uniq_grum
D:11:     layout_basic, grunt_lair_entry_orc_guard_hut
Lair:1:   layout_hall_layers, st_stairs_12, lemuel_fruit_tree, uniq_fannar,
          uniq_urug
Lair:2:   layout_gridlike, st_stairs_11, serial_bayou_shore_a, uniq_amaemon
Lair:3:   layout_regular_city, skrybe_swamp_entry_bodies, dummy_snake_entry,
          st_stairs_5, serial_bayou_pond_a, nicolae_lair_lakeside_cave,
          grunt_megastairs_4, infiniplex_staircase_pool
Lair:4:   gammafunk_boulding_lane, layout_cave_shapes,
          nicolae_slime_entry_slimehenge, basic_altar, uniq_snorg

Skill      XL: |  1  2  3  4  5  6  7  8  9 10 11 12 13 |
---------------+----------------------------------------+-----
Dodging        | 1 2 3 4 6 8 9 |  9.7
Armour         | 2 3 4 5 6 7 8 9 |  9.7
Maces & Flails | 3 4 5 6 7 8 9 10 | 10.0
Evocations     | 1 2 3 5 6 7 8 9 10 | 10.4
Fighting       | 4 5 6 7 8 9 10 | 10.9
Spellcasting   | 2 3 4 5 |  5.2

Action                     |  1- 3 |  4- 6 |  7- 9 | 10-12 | 13-15 || total
---------------------------+-------+-------+-------+-------+-------++-------
  Melee: Mace              |    52 |       |       |       |       ||    52
         Whip              |    75 |       |       |       |       ||    75
         Demon whip        |     8 |   138 |   275 |   658 |   199 ||  1278
         Kick              |     5 |    15 |    53 |       |       ||    73
         Punch             |     1 |     1 |     7 |    13 |     4 ||    26
         Headbutt          |       |       |       |    56 |    62 ||   118
  Evoke: Wand              |       |       |       |    12 |     4 ||    16
    Use: Scroll            |     6 |     6 |     5 |    12 |     4 ||    33
         Potion            |     1 |     3 |     3 |     3 |     1 ||    11
   Stab: Sleeping          |     1 |       |     1 |       |       ||     2
         Distracted        |       |       |     1 |     3 |       ||     4
         Paralysed         |       |       |       |     4 |       ||     4
         Confused          |       |       |       |     5 |       ||     5
 Armour: Leather armour    |    47 |    36 |   125 |   149 |    52 ||   409
  Dodge: Dodged            |    63 |    75 |   249 |   413 |   187 ||   987
  Block: Other             |       |       |     8 |       |       ||     8

Table legend: (Time is in decaauts)
 A = Elapsed time spent in this place.
 B = Non-inter-level travel time spent in this place.
 C = Inter-level travel time spent in this place.
 D = Time resting spent in this place.
 E = Time spent auto-exploring this place.
 F = Levels seen in this place.
 G = Mean time per level.
                   A        B        C        D        E       F      G
               +--------+--------+--------+--------+--------+-----+--------+
         Total |  14834 |  14345 |    489 |    777 |  10948 |  16 |  927.1 |
       Dungeon |   9433 |   9101 |    332 |    432 |   7165 |  11 |  857.5 |
          Lair |   5112 |   4956 |    156 |    345 |   3547 |   4 | 1278.0 |
         Sewer |    288 |    288 |      0 |      0 |    236 |   1 |  288.0 |
               +--------+--------+--------+--------+--------+-----+--------+

Top non-repeatable levels by time:
  Lair:3: 2168 daAuts
    D:11: 1530 daAuts
  Lair:1: 1438 daAuts
  Lair:2: 1390 daAuts
     D:9: 1130 daAuts
     D:2: 1025 daAuts
     D:4: 1009 daAuts
    D:10: 900 daAuts
     D:5: 871 daAuts
     D:8: 825 daAuts
     D:7: 653 daAuts
     D:6: 605 daAuts
     D:1: 468 daAuts
     D:3: 412 daAuts
   Sewer: 288 daAuts
